 Dungeon Crawl Stone Soup version 0.28-a0-724-g66f9036eb4 (webtiles) character file.

Game seed: 4308739821325601618

4770 funkygono the Arsonist (level 10, -1/52 HPs)
             Began as a Gargoyle Fire Elementalist on Oct 27, 2021.
             Was a Follower of Vehumet.
             Slain by a fire bat (2 damage)
             ... on level 10 of the Dungeon.
             The game lasted 00:21:35 (13302 turns).

funkygono the Arsonist (GrFE)                      Turns: 13302, Time: 00:21:35

Health: -1/52      AC: 17    Str: 16    XL:     10   Next: 47%
Magic:  31/31      EV: 13    Int: 20    God:    Vehumet [*.....]
Gold:   139        SH:  7    Dex:  7    Spells: 14/25 levels left

rFire   + . .      SeeInvis .   o - +3 whip (vorpal)
rCold   . . .      Faith    .   t - +0 kite shield "Daw Videps" {rF+ Str+5 Dex-3}
rNeg    + . .      Spirit   .   H - +0 acid dragon scales
rPois   ∞          Reflect  .   C - +0 helmet
rElec   +          Harm     .   f - +0 cloak
rCorr   +          Rampage  .   v - +0 pair of gloves
Will    .....                   (no boots)
Stlth   +.........              F - amulet of the acrobat
HPRegen 0.17/turn               A - +4 ring of evasion
MPRegen 0.22/turn               D - ring of magical power

@: no status effects
A: sickness immunity, AC +7, negative energy resistance 1, electricity
resistance, torment resistance 1, petrification resistance
a: Renounce Religion


You were on level 10 of the Dungeon.
You worshipped Vehumet.
Vehumet was aware of your devotion.
You visited 2 branches of the dungeon, and saw 11 of its levels.

You collected 319 gold pieces.
You spent 180 gold pieces at shops.

Inventory:

Hand Weapons
 n - a +0 flail
 o - a +3 vorpal whip (weapon)
 x - a +0 vampiric whip
Missiles
 b - 6 throwing nets
 g - 234 stones
Armour
 a - a +0 robe
 f - a +0 cloak (worn)
 k - a +0 leather armour
 t - the +0 kite shield "Daw Videps" (worn) {rF+ Str+5 Dex-3}
   (You bought it in a shop on level 2 of the Dungeon)

   Str:       It affects your strength (+5).
   Dex:       It affects your dexterity (-3).
   rF:        It protects you from fire.
 v - a +0 pair of gloves (worn)
 C - a +0 helmet (worn)
 G - a +2 robe of cold resistance
 H - +0 acid dragon scales (worn)
 I - a +4 chain mail of fire resistance
Magical Staves
 j - a staff of conjuration
 w - a staff of fire
 B - a staff of air
Jewellery
 i - a ring of protection from fire
 A - a +4 ring of evasion (left hand)
 D - a ring of magical power (right hand)
 F - an amulet of the acrobat (around neck)
Wands
 c - a wand of iceblast (22)
 y - a wand of polymorph (8)
 E - a wand of flame (19)
Scrolls
 h - 4 scrolls of teleportation
 q - a scroll of amnesia
 K - 2 scrolls of fog
 L - a scroll of identify
 M - a scroll of enchant armour {unknown}
Potions
 d - 2 potions of heal wounds
 e - a potion of haste
 l - a potion of magic
 m - a potion of brilliance
 p - a potion of mutation
 r - 6 potions of curing
 s - a potion of might
 u - a potion of lignification
 z - a potion of berserk rage {unknown}
 J - 2 potions of flight {unknown}


   Skills:
 + Level 1.4 Fighting
 + Level 1.4 Maces & Flails
 * Level 3.7 Armour
 + Level 2.2 Dodging
 - Level 2.1 Stealth
 * Level 4.1 Shields
 * Level 8.2 Spellcasting
 * Level 7.4 Conjurations
 * Level 8.8 Fire Magic


You had 14 spell levels left.
You knew the following spells:

 Your Spells              Type           Power      Damage    Failure   Level
a - Foxfire               Conj/Fire      100%       2x1d9     1%          1
b - Scorch                Fire           86%        2d9       1%          2
c - Conjure Flame         Conj/Fire      40%        6-21      4%          3
d - Flame Wave            Conj/Fire      40%        3d8       16%         4
e - Freeze                Ice            32%        1d5       43%         1

Your spell library contained the following spells:

 Spells                   Type           Power      Damage    Failure   Level
 Inner Flame              Hex/Fire       25%        N/A       22%         3
 Ignite Poison            Fire/Tmut/Pois 20%        N/A       38%         3
 Mephitic Cloud           Conj/Pois/Air  18%        N/A       45%         3
 Blink                    Tloc           16%        N/A       56%         2
 Corpse Rot               Necr/Air       16%        N/A       56%         2
 Lesser Beckoning         Tloc           8%         N/A       80%         3
 Dispel Undead            Necr           8%         3d8       99%         4
 Freezing Cloud           Conj/Ice/Air   9%         6-21      99%         5
 Manifold Assault         Tloc           8%         N/A       100%        5
 Death Channel            Necr           4%         N/A       100%        6


Dungeon Overview and Level Annotations

Branches:
Dungeon (10/15)            Temple (1/1) D:4            Lair (0/6) D:10
    Orc: D:9-12

Altars:
Ashenzari
Cheibriados
Dithmenos
Elyvilon
Fedhas
Gozag
Hepliaklqana
Kikubaaqudgha
Makhleb
Nemelex Xobeh
Okawaru
Qazlal
Ru
Sif Muna
Trog
Uskayaw
Vehumet
Wu Jian
Xom
Yredelemnul
Zin
The Shining One

Shops:
D:2 *   D:4 *   D:6 ?   D:7 :

Annotations:
D:3 2 transporters, anonymous's ghost, amateur NaFi
D:6 3 runed translucent doors, emiel's ghost, novice PaBe
D:8 Grum


Innate Abilities, Weirdness & Mutations

You are immune to sickness and miasma.
Your stone body is resilient. (AC +7)
You are immune to poison.
You resist negative energy. (rN+)
You are resistant to electric shocks. (rElec)
You are resistant to unholy torment.
You are immune to petrification.


Message History

The fire bat completely misses you.
You barely miss the fire bat.
The fire bat bites you but does no damage.
The fire bat barely misses you.
You miss the fire bat. You block the fire bat's attack. x2
The fire giant casts a spell at you.
The bolt of fire hits the fire bat.
The fire bat completely resists.
The bolt of fire misses the fire bat.
The bolt of fire hits the fire bat.
The fire bat completely resists.
The bolt of fire hits the fire bat.
The fire bat completely resists.
The bolt of fire hits you! You resist.
* * * LOW HITPOINT WARNING * * *
The fire bat misses you. The fire bat closely misses you.
The fire bat bites you but does no damage.
You block the fire bat's attack. The fire bat misses you.
You block the fire bat's attack. The fire bat completely misses you.
You block the fire bat's attack. x2
The fire giant casts a spell at you.
The bolt of fire hits the fire bat.
The fire bat completely resists.
The bolt of fire hits the fire bat.
The fire bat completely resists.
The bolt of fire misses you.
The fire bat bites you but does no damage.
You block the fire bat's attack. The fire bat misses you.
The fire bat completely misses you. You block the fire bat's attack.
You block the fire bat's attack. The fire bat closely misses you.
You block the fire bat's attack. The fire bat completely misses you.
The fire bat bites you but does no damage. x2
The fire bat completely misses you. The fire bat misses you.
You closely miss the fire bat. The fire bat bites you.
* * * LOW HITPOINT WARNING * * *
You are engulfed in flames.
You resist.
* * * LOW HITPOINT WARNING * * *
The fire bat closely misses you. The fire bat bites you.
* * * LOW HITPOINT WARNING * * *
You are engulfed in flames.
You resist.
* * * LOW HITPOINT WARNING * * *
The fire bat bites you.
You die...

######..#.#.#.#.#....#
######..#.#.#...#.####
#.........#.###...########
#.........#..............#
#......##b...##...##..##.#
#......##.##b##.#.##..##.###
#......##.##.##.#..#...#...#
#.........##.##bb.b..>.###.#
#......#####...b@......# #.#
######†###########.##### #.#
#..÷.......##.#### #.#
###############.##....# #.#
.......#....# #.#####.# #.#
######.#.##.# #....##.####.#
...#.....##.######.##....#.#
...#.#......#....#.#####.#.#
#..#.########.#....# #...#


You could see 4 fire bats.

Vanquished Creatures
  Joseph (D:8)
  A wyvern (D:8)
  9 yaks
  2 acid dragons
  A black bear (D:6)
  2 orc warriors
  A sky beast (D:3)
  A necrophage (D:4)
  2 ogres (D:4)
  A hornet zombie (D:7)
  A wolf (D:7)
  A centaur (D:6)
  A phantom (D:4)
  A kobold brigand (D:8)
  3 bullfrogs
  A wyvern zombie (D:7)
  A scorpion (D:4)
  A gnoll sergeant (D:7)
  2 water moccasin skeletons
  4 killer bees (D:7)
  5 wights (D:8)
  A howler monkey (D:10)
  2 hounds
  A jelly (D:7)
  A gnoll shaman (D:8)
  5 orc priests
  A centaur skeleton (D:7)
  3 iguanas (D:5)
  7 orc wizards
  A scorpion zombie (D:5)
  A killer bee zombie (D:7)
  2 howler monkey skeletons
  13 gnolls
  4 adders
  3 white imps
  2 ufetubi
  3 dart slugs
  23 orcs
  6 bats
  10 endoplasms
  2 giant cockroaches (D:2)
  8 goblins
  4 hobgoblins
  4 jackals (D:1)
  13 kobolds
  5 quokkas
  4 ball pythons
  3 frilled lizards
  7 rats
181 creatures vanquished.

Vanquished Creatures (others)
  759 foxfires
  4 plants (D:1)
763 creatures vanquished.

Grand Total: 944 creatures vanquished

Notes
Turn   | Place    | Note
-------+----------+-------------------------------------------
     0 | D:1      | funkygono the Gargoyle Fire Elementalist began the quest
                  | for the Orb.
     0 | D:1      | Reached XP level 1. HP: 10/10 MP: 3/3
   477 | D:1      | Reached XP level 2. HP: 11/15 MP: 0/5
   480 | D:1      | Learned a level 2 spell: Scorch
  1642 | D:2      | Reached XP level 3. HP: 19/19 MP: 2/6
  1646 | D:2      | Learned a level 3 spell: Conjure Flame
  2215 | D:2      | Reached XP level 4. HP: 12/24 MP: 0/8
  2960 | D:2      | Found Peempa Arint's Assorted Antiques.
  3445 | D:3      | Found a transporter.
  3447 | D:3      | Noticed anonymous's ghost (amateur NaFi)
  3448 | D:3      | Found a transporter.
  3503 | D:3      | Noticed a sky beast
  3518 | D:3      | Killed a sky beast
  3519 | D:3      | Reached XP level 5. HP: 15/28 MP: 2/10
  3524 | D:3      | Learned a level 4 spell: Flame Wave
  4149 | D:3      | Noticed a necrophage
  4374 | D:3      | Reached skill level 1 in Armour
  4374 | D:3      | Reached XP level 6. HP: 32/32 MP: 4/11
  4592 | D:4      | Found Enimoull's Assorted Antiques.
  4617 | D:4      | Reached XP level 7. HP: 36/36 MP: 0/13
  4817 | D:4      | Found a staircase to the Ecumenical Temple.
  4830 | Temple   | Entered the Ecumenical Temple
  5098 | D:4      | Reached skill level 5 in Fire Magic
  5159 | D:4      | Found a shimmering blue altar of Sif Muna.
  5499 | D:4      | Reached skill level 5 in Spellcasting
  5924 | D:5      | Entered Level 5 of the Dungeon
  6081 | D:5      | Found a broken altar of Ashenzari.
  6249 | D:5      | Reached XP level 8. HP: 21/42 MP: 3/15
  7235 | D:6      | Reached skill level 5 in Conjurations
  7481 | D:6      | Found a runed translucent gate.
  7481 | D:6      | Found a runed translucent gate.
  7481 | D:6      | Found a runed translucent gate.
  7482 | D:6      | Noticed emiel's ghost (novice PaBe)
  7556 | D:6      | Found Huuva's Magic Scroll Boutique.
  8149 | D:6      | Found a shadowy altar of Dithmenos.
  8564 | D:7      | Reached XP level 9. HP: 38/46 MP: 18/18
  9096 | D:7      | Found Nevoreng's Book Boutique.
  9666 | D:7      | Found a blossoming altar of Fedhas.
  9666 | D:7      | Found a bloodstained altar of Trog.
  9840 | D:2      | Bought a bloodstained kite shield for 180 gold pieces
  9840 | D:2      | Identified the +0 kite shield "Daw Videps" {rF+ Str+5
                  | Dex-3} (You bought it in a shop on level 2 of the Dungeon)
  9987 | D:8      | Noticed Grum
 10001 | D:8      | HP: 2/46 [wolf[Grum] (8)]
 10189 | D:8      | Reached skill level 1 in Shields
 10207 | D:8      | Reached skill level 1 in Fighting
 10439 | D:8      | Found a radiant altar of Vehumet.
 10452 | D:8      | Became a worshipper of Vehumet
 10805 | D:8      | Found a shimmering altar of Xom.
 10870 | D:8      | Noticed Joseph
 10881 | D:8      | Killed Joseph
 10882 | D:8      | Reached skill level 1 in Maces & Flails
 11691 | D:9      | Found a hide-covered altar of Uskayaw.
 11716 | D:9      | Reached XP level 10. HP: 52/52 MP: 15/21
 11916 | D:9      | Reached * piety under Vehumet
 11916 | D:9      | Offered knowledge of Freeze by Vehumet.
 12141 | D:9      | Found an ancient bone altar of Kikubaaqudgha.
 12224 | D:9      | Found a sacrificial altar of Ru.
 12518 | D:9      | Learned a level 1 spell: Freeze
 12533 | D:10     | Entered Level 10 of the Dungeon
 12954 | D:10     | Found a staircase to the Lair.
 13245 | D:10     | Noticed a fire giant
 13245 | D:10     | Found the +7 great mace "Firestarter" {inner flame, rF++}
 13302 | D:10     | HP: 1/52 [fire bat (4)]
 13302 | D:10     | Slain by a fire bat

Illustrated notes

Levels and vault maps discovered:
D:1:      lemuel_arrival_muddy, layout_loops_corners, serial_forest,
          infiniplex_forest_clump_C, infiniplex_forest_clump_curved,
          infiniplex_forest_lined_2, infiniplex_forest_straight_2,
          infiniplex_forest_join, infiniplex_forest_end_2,
          infiniplex_forest_end_2, infiniplex_forest_pool,
          minmay_misc_feat_four_crosses, minmay_crystal_water,
          minmay_tetromino_s2
D:2:      layout_basic, serial_shops, shop
D:3:      layout_basic, gammafunk_ghost_mausoleum
D:4:      layout_loops_ring, mainiacjoe_overflow_surrounded_room,
          temple_fountains, serial_shops, nicolae_take_the_stairs,
          minmay_ruptured
D:5:      layout_basic, mainiacjoe_overflow_catwalk
D:6:      layout_loops_ring, lemuel_tele_altar, serial_shops, shop_statue,
          gammafunk_ghost_necromancy
D:7:      layout_layer_cave, gammafunk_temple_overflow_elements, serial_shops,
          nicolae_shop_stone
D:8:      layout_loops_corners, xom_teletrap_fun, vehumet_altar_wand_db,
          uniq_grum, uniq_joseph
D:9:      layout_basic, nicolae_uskayaw_murder_on_the_dancefloor,
          nicolae_ru_great_annihilating_truth, kiku_gazebo_garden_becter
D:10:     minmay_firetagon, layout_basic, lair_entry_dummy
Temple:   nicolae_temple_x_marks_the_god

Skill      XL: |  1  2  3  4  5  6  7  8  9 10 |
---------------+-------------------------------+-----
Conjurations   | 2 3 4 5 6 7 |  7.4
Spellcasting   | 3 4 5 6 7 8 |  8.2
Fire Magic     | 4 5 6 8 |  8.8
Armour         | 1 2 3 |  3.7
Dodging        | 2 |  2.2
Shields        | 3 4 |  4.1
Fighting       | 1 |  1.4
Maces & Flails | 1 |  1.4
Stealth        | |  2.1

Action                   |  1- 3 |  4- 6 |  7- 9 | 10-12 || total
-------------------------+-------+-------+-------+-------++-------
Melee: Club              |    39 |       |       |       ||    39
       Unarmed           |     2 |       |       |       ||     2
       Whip              |       |     8 |    47 |    39 ||    94
 Cast: Foxfire           |    64 |    72 |   270 |    46 ||   452
       Scorch            |       |     8 |    42 |     8 ||    58
       Conjure Flame     |       |       |     4 |       ||     4
       Flame Wave        |       |       |       |     2 ||     2
       Freeze            |       |       |       |     1 ||     1
  Use: Scroll            |       |     6 |    14 |     2 ||    22
       Potion            |       |       |     1 |     1 ||     2
Armor: Robe              |     7 |       |       |       ||     7
       Leather armour    |    14 |    10 |    40 |       ||    64
       Acid dragon scale |       |       |     7 |    41 ||    48
Dodge: Dodged            |    29 |    15 |   107 |   109 ||   260
Block: Kite shield       |       |       |    18 |    59 ||    77

Table legend: (Time is in decaauts)
 A = Elapsed time spent in this place.
 B = Non-inter-level travel time spent in this place.
 C = Inter-level travel time spent in this place.
 D = Time resting spent in this place.
 E = Time spent auto-exploring this place.
 F = Levels seen in this place.
 G = Mean time per level.
                   A        B        C        D        E       F      G
               +--------+--------+--------+--------+--------+-----+--------+
         Total |  13341 |  12838 |    503 |   1391 |   9481 |  11 | 1212.8 |
       Dungeon |  13274 |  12779 |    495 |   1391 |   9426 |  10 | 1327.4 |
        Temple |     66 |     59 |      7 |      0 |     55 |   1 |   66.0 |
               +--------+--------+--------+--------+--------+-----+--------+

Top non-repeatable levels by time:
     D:1: 1897 daAuts
     D:2: 1723 daAuts
     D:7: 1690 daAuts
     D:8: 1547 daAuts
     D:5: 1330 daAuts
     D:4: 1284 daAuts
     D:3: 1102 daAuts
     D:6: 1046 daAuts
     D:9: 871 daAuts
    D:10: 779 daAuts
  Temple: 66 daAuts
